[Event "*** SCC Grand Prix: Titled Tuesday Blitz"]
[Site "Chess.com"]
[Date "2020.10.06"]
[Round "1"]
[White "hungrycaterpillar4"]
[Black "Me_ch_an"]
[Result "1/2-1/2"]
[WhiteElo "2608"]
[BlackElo "2323"]
[TimeControl "180+1"]
[EndTime "10:08:52 PDT"]
[Termination "Game drawn - insufficient material"]

1. d4 d5 2. Bf4 c5 3. e3 Nc6 4. Nf3 Nf6 5. Nbd2 Bg4 6. c3 Qb6 7. Qb3 c4 8. Qxb6 axb6 9. a3 b5 10. Rc1 e6 11. Be2 Be7 12. Ne5 Bxe2 13. Kxe2 O-O 14. h3 Rfd8 15. g4 Nd7 16. Nxd7 Rxd7 17. e4 Re8 18. e5 f6 19. Nf3 fxe5 20. Nxe5 Nxe5 21. Bxe5 Bf6 22. f4 Bxe5 23. fxe5 Rf7 24. Rcf1 Ref8 25. Rxf7 Rxf7 26. Ke3 g5 27. h4 gxh4 28.
Rxh4 Kg7 29. Rh1 Kg6 30. Ra1 Kg5 31. Rh1 h6 32. Rh5+ Kg6 33. Rh1 Kg5 34. b3 Rc7 35.
bxc4 Rxc4 36. Kd3 Ra4 37. Rb1 Ra5 38. Kc2 Kxg4 39. Rg1+ Kf5 40. Kb3 h5 41. Rg7 h4 42.
Kb4 Ra4+ 43. Kb3 Ra8 44. Rf7+ Kg4 45. Rg7+ Kf3 46. Rf7+ Kg3 47. Rg7+ Kf4 48. Rf7+ Kg5 49. Rg7+ Kf5 50. Rf7+ Kg6 51. Rf6+ Kg5 52. Rxe6 Rh8 53.
Re7 h3 54. Rg7+ Kf5 55. Rg1 h2 56. Rh1 Kg4 57. Kb4 Kg3 58. Kxb5 Rc8 59. Rxh2 Kxh2 60. Kb6 Rxc3 61. Kxb7 Rc4 62. e6 Rxd4 63. Kc6 Re4 64. Kxd5 Re3 65. a4 Kg3 66. a5 Kf4 67.
Kd6 Kf5 68. e7 Kf6 69. a6 Rxe7 70. Kc6 Ke6 71. Kb6 Kd6 72. a7 Rxa7 73. Kxa7 1/2-1/2

[Event "*** SCC Grand Prix: Titled Tuesday Blitz"]
[Site "Chess.com"]
[Date "2020.10.06"]
[Round "1"]
[White "szefru"]
[Black "vaishali2001"]
[Result "0-1"]
[WhiteElo "2164"]
[BlackElo "2526"]
[TimeControl "180+1"]
[EndTime "10:08:59 PDT"]
[Termination "vaishali2001 won by resignation"]

1. e4 e6 2. d4 d5 3. Nd2 c5 4.
exd5 Qxd5 5. Ngf3 cxd4 6. Bc4 Qd6 7. O-O Nf6 8. Nb3 Nc6 9. Nbxd4 Nxd4 10. Qxd4 Qxd4 11.
Nxd4 Bc5 12. Nb3 Be7 13. Bb5+ Bd7 14. Bxd7+ Nxd7 15. Rd1 a5 16. a4 Nb6 17. Be3 Nc4 18.
Bd4 f6 19. Bc3 e5 20. Nd2 Nb6 21. Ne4 Kf7 22. Nd6+ Ke6 23. Nxb7 Nc4 24. b3 Rhb8 25. bxc4 Rxb7 26. Rd5 Rc8 27. Rxa5 Rxc4 28. Ra6+ Kf5 29. Bd2 Rxc2 30. Be3 Rbb2 31. h3 Bc5 32. Bxc5 Rxc5 33.
a5 Rcc2 34. Rf1 Ra2 35. Ra7 Kg6 36. g4 Rc5 37. a6 Rc6 38. Rd1 Rcxa6 39. Rb7 Ra1 40.
Rxa1 Rxa1+ 41. Kg2 Rd1 42. Rb6 Rd3 43. Rb7 Rd4 44.
Ra7 Rd8 45. Rb7 Rh8 46. Rc7 h5 47. Kg3 h4+ 48. Kg2 Rd8 49. Rb7 Rd4 50. Rc7 Rd8 51. Rb7 Rf8 52. Rc7 Rf7 53. Rc6 Kg5 54. Ra6 Rd7 55.
Ra5 g6 56. Ra6 Rd3 57. Rb6 Rc3 58. Ra6 e4 59. Re6 f5 60. gxf5 gxf5 61. Re8 Kf4 62. Re7 Rc6 63. Re8 Rg6+ 64. Kf1 Kf3 65. Re5 f4 66.
Rd5 Rb6 67. Rd1 Rb2 68. Kg1 Rxf2 0-1

[Event "*** SCC Grand Prix: Titled Tuesday Blitz"]
[Site "Chess.com"]
[Date "2020.10.06"]
[Round "1"]
[White "Salem-AR"]
[Black "boasovietica"]
[Result "1/2-1/2"]
[WhiteElo "2907"]
[BlackElo "2469"]
[TimeControl "180+1"]
[EndTime "10:09:02 PDT"]
[Termination "Game drawn by repetition"]

1. d4 Nf6 2. c4 e6 3. Nf3 d5 4.
Nc3 Nbd7 5. cxd5 exd5 6. Bg5 c6 7. e3 Be7 8. Bd3 Nh5 9. Bxe7 Qxe7 10. O-O O-O 11. Qb1 g6 12. b4 a6 13. a4 Nb6 14.
Rc1 Bd7 15. a5 Nc8 16. Na4 Nd6 17. Ne5 Rad8 18. Qc2 Ng7 19. Nc5 Bc8 20. Re1 f6 21.
Nf3 Bf5 22. Nd2 Bxd3 23. Qxd3 Qf7 24. Re2 Rfe8 25. Rae1 Ne6 26. Ndb3 Nxc5 27. Nxc5 Re7 28. f3 f5 29. g3 Rde8 30. Kg2 Qf6 31. Rf2 Qg7 32.
h3 h6 33. Rfe2 Qf6 34. Qc2 Kh8 35. Qc3 Qg7 36. Qd3 Qf6 37. Qd1 Qg7 38. Qc2 Qf6 39.
Qd3 Qg7 40. g4 Qf6 41. Qc2 Rf8 42. Rf1 Ref7 43. Ref2 Qe7 44. Qc1 Re8 45. Nd3 Nc4 46.
e4 fxe4 47. fxe4 Qxe4+ 48. Kh2 Rxf2+ 49. Nxf2 Qe3 50. Qc2 Kg7 51. Nd3 Qe2+ 52. Qxe2 Rxe2+ 53. Kg1 Ne3 54. Rf3 Nc4 55. Nc5 Rb2 56. Ne6+ Kg8 57.
Rf8+ Kh7 58. Rf7+ Kg8 59. Rf8+ Kh7 60. Rf7+ Kg8 61. Rxb7 Rb1+ 62. Kf2 Rb2+ 63. Ke1 Rb1+ 64. Ke2 Rb2+ 65. Kd3 Rb3+ 66. Kc2 Rxh3 67. Rg7+ Kh8 68. Rxg6 Kh7 69. Rg7+ Kh8 70. Rc7 Rh2+ 71. Kb3 Rh3+ 72.
Kc2 Rh2+ 73. Kd3 Rh3+ 74. Kc2 1/2-1/2

[Event "*** SCC Grand Prix: Titled Tuesday Blitz"]
[Site "Chess.com"]
[Date "2020.10.06"]
[Round "1"]
[White "platy3"]
[Black "kakakz"]
[Result "1-0"]
[WhiteElo "2802"]
[BlackElo "2410"]
[TimeControl "180+1"]
[EndTime "10:09:04 PDT"]
[Termination "platy3 won on time"]

1. e4 e6 2. d4 d5 3. Nc3 Bb4 4. e5 b6 5. a3 Bxc3+ 6. bxc3 Qd7 7. h4 Ne7 8. Qg4 Kf8 9. h5 h6 10. Rh3 Ba6 11. Rf3 Bxf1 12. Kxf1 c5 13. a4 Nbc6 14. Ne2 Kg8 15. Ba3 cxd4 16. cxd4 Na5 17. Qf4 Nec6 18. Rg3 Nc4 19. Bc1 Ne7 20. Qg4 Nf5 21. Rf3 Rc8 22. Ng3 Nxg3+ 23. Rxg3 Rh7 24. Bxh6 f5 25.
Qg6 Qf7 26. Bc1 Rxh5 27. Qxf7+ Kxf7 28. Rh3 Rxh3 29. gxh3 Na5 30. Ra2 Rc4 31. Be3 Nc6 32. a5 bxa5 33. Ke1 Nxd4 34. Kd1 Nc6 35. f4 Rc3 36. Ke2 d4 37. Bd2 Rxh3 38. Bxa5 Re3+ 39. Kf2 Nxa5 40. Rxa5 Rc3 41. Rxa7+ Kg6 42. Rd7 Rxc2+ 43. Kg3 Rc3+ 44. Kh4 Rc4 45. Re7 d3 46. Rxe6+ Kf7 47. Rd6 Rxf4+ 48. Kg5 Rf3 49. Kh5 g6+ 50. Kg5 Rg3+ 51.
Kf4 Rh3 52. Rd7+ Ke6 53. Rd6+ Kf7 54. Rd7+ Ke8 55. e6 Rh4+ 56. Ke5 d2 57. Kf6 g5 58.
Rxd2 Rh6+ 59. Ke5 Ke7 60. Rd7+ Ke8 61. Ra7 g4 62. Kd6 Kf8 63. Rf7+ Ke8 64. Rxf5 Rg6 65. Rh5 Kf8 66. Kd7 g3 67. e7+ Kg7 68. e8=Q g2 69. Qe7+ Kg8 70. Qh7+ Kf8 71. Rf5+ 1-0

[Event "*** SCC Grand Prix: Titled Tuesday Blitz"]
[Site "Chess.com"]
[Date "2020.10.06"]
[Round "1"]
[White "ExcitingTrap"]
[Black "Obito24"]
[Result "0-1"]
[WhiteElo "2253"]
[BlackElo "2571"]
[TimeControl "180+1"]
[EndTime "10:09:07 PDT"]
[Termination "Obito24 won by checkmate"]

1. e4 c5 2. Nf3 d6 3. Bb5+ Nd7 4. O-O Nf6 5. Re1 a6 6. Bf1 g6 7. c3 Bg7 8. d4 cxd4 9. cxd4 O-O 10. Nc3 e6 11.
Bf4 Nb6 12. Qd2 Re8 13. Bh6 Bd7 14. e5 dxe5 15. dxe5 Nfd5 16. Ne4 Bb5 17. Nd6 Bxf1 18. Bxg7 Kxg7 19. Rxf1 Re7 20. h3 h6 21. Nh2 Rd7 22. Ng4 Qg5 23. Qxg5 hxg5 24. Ne4 Nf4 25. Rfe1 Rc8 26.
Ngf6 Rd4 27. Nd6 Rc2 28. Nxb7 Rdd2 29. Ne4 Rd4 30. Nbd6 Nbd5 31. b3 Nd3 32. Rf1 Nxe5 33. Ng3 Nf4 34. Nde4 f6 35. a4 Ned3 36. Rad1 Kh6 37.
Nxf6 Rb2 38. Ng4+ Kg7 39. Ne5 Rxb3 40. Nf3 Rd7 41. Nxg5 Rb2 42. N5e4 Kf8 43. a5 Rc7 44. Nf6 Rcc2 45. Nfe4 Ke7 46. Kh2 Ra2 47. Kg1 Ne5 48. Nd6 Ned3 49. Nde4 Rcb2 50. Rb1 Nd5 51. Rxb2 Rxb2 52.
Rd1 N3b4 53. Rf1 Ra2 54. Rc1 Rxa5 55. Nc5 Kd8 56. Nxe6+ Ke7 57. Nd4 Ra2 58. Re1+ Kd6 59. Re2 Kc5 60. Re3 Ra1+ 61. Kh2 Kxd4 62. Rf3 a5 63. Rf7 a4 64. Rg7 a3 65. Rxg6 a2 66. Rg4+ Kc3 67. Ne4+ Kb2 68. Rg3 Re1 69. Nc5 a1=Q 70. Rb3+ Kc2 71. Rg3 Rh1# 0-1

[Event "*** SCC Grand Prix: Titled Tuesday Blitz"]
[Site "Chess.com"]
[Date "2020.10.06"]
[Round "1"]
[White "Arfan48"]
[Black "AleksanderHnydiuk"]
[Result "0-1"]
[WhiteElo "2241"]
[BlackElo "2560"]
[TimeControl "180+1"]
[EndTime "10:09:10 PDT"]
[Termination "AleksanderHnydiuk won by resignation"]

1. Nf3 d5 2. c4 c6 3. b3 Bg4 4. Bb2 Nd7 5. g3 Bxf3 6. exf3 Ngf6 7. Bg2 e6 8. O-O Bd6 9. d4 O-O 10. Nd2 a5 11. a3 b5 12. f4 Qb8 13. Qc2 a4 14. c5 axb3 15. Qxb3 Bc7 16. Rfd1 Ra4 17. Nf3 Ne4 18. Ne5 Nxe5 19. fxe5 f5 20. f3 Ng5 21. h4 Nf7 22. f4 Qb7 23. Bf3 Nh6 24. Bc3 Ng4 25. Rdb1 Rfa8 26. Bxg4 fxg4 27. h5 Qa7 28.
Qd1 Ba5 29. Bxa5 Qxa5 30. Qxg4 Re8 31. h6 g6 32. Qg5 Qd8 33. Rb4 Qxg5 34. fxg5 Rea8 35.
Rf1 Rxa3 36. Kg2 R3a4 37. Rxa4 bxa4 38. Ra1 a3 39. Ra2 Ra4 40. Kf3 Kf7 41. Ke3 Ke7 42. Kd3 Kd7 43. Kc3 Kc8 44. Kb3 Rxd4 45. Kxa3 Rc4 46.
Rf2 Rc3+ 47. Kb4 Rxg3 48. Rf8+ Kb7 49. Rf7+ Ka6 50. Rxh7 Rxg5 51. Rc7 Rg4+ 52. Kc3 Kb5 53. h7 Rh4 54. Rg7 Kxc5 55. Rxg6 Rh3+ 56. Kd2 Rxh7 57.
Rxe6 Rh5 58. Kd3 Rh3+ 59. Kd2 Rh4 60. Kd3 Re4 61. Re8 Re1 62. Re7 d4 63. Kd2 Re3 64. Re6 Kd5 65. Rd6+ Kc5 66. Re6 Re4 67. Re8 Kd5 68.
Rd8+ Kxe5 69. Re8+ Kd5 70. Rd8+ Kc4 71. Ra8 c5 72. Ra4+ Kd5 73. Ra7 Rh4 74. Rd7+ Kc4 75. Re7 Rh2+ 76. Kc1 Kc3 77. Kd1 Rh1+ 78. Re1 Rxe1+ 79.
Kxe1 Kc2 0-1

[Event "*** SCC Grand Prix: Titled Tuesday Blitz"]
[Site "Chess.com"]
[Date "2020.10.06"]
[Round "1"]
[White "garicradomir"]
[Black "Fins0905"]
[Result "1/2-1/2"]
[WhiteElo "2332"]
[BlackElo "2634"]
[TimeControl "180+1"]
[EndTime "10:09:12 PDT"]
[Termination "Game drawn by repetition"]

1. e4 d5 2. exd5 Qxd5 3. Nc3 Qa5 4. Bc4 Nf6 5. d4 Bg4 6. f3 Bd7 7. Bd2 Qb6 8. Nge2 e6 9. O-O Be7 10. Be3 c5 11. d5 O-O 12. a4 exd5 13. a5 Qe6 14.
Nxd5 Nxd5 15. Bf2 Bc6 16. Nf4 Nxf4 17. Bxe6 Nxe6 18. Re1 Na6 19. c3 c4 20. Qd2 Nac5 21.
Bxc5 Bxc5+ 22. Kh1 Rad8 23. Qc2 Nf4 24. Re4 Bxe4 25.
Qxe4 Ne6 26. Qxc4 a6 27. b4 Ba7 28. h4 Rc8 29. Qd5 Rc7 30. Rd1 h6 31. c4 Rd8 32.
Qxd8+ Nxd8 33. Rxd8+ Kh7 34. c5 Bxc5 35. bxc5 Rxc5 36.
Rd7 Kg6 37. g4 h5 38. Rxb7 Rxa5 39. Rb6+ Kh7 40. g5 Ra4 41. Kg2 a5 42. Kg3 Rb4 43. Ra6 a4 44. Ra7 Kg6 45. Ra6+ Kf5 46. Ra5+ Kg6 47.
Ra6+ f6 48. Kh3 Kf5 49. gxf6 gxf6 50. Kg3 Kg6 51. Ra5 Kh6 52. Ra6 Kg7 53. Ra7+ Kg6 54. Ra6 Kf7 55. Ra7+ Ke6 56. Ra5 f5 57. Ra6+ Ke5 58.
Ra5+ Ke6 59. Ra6+ Kd7 60. Ra5 f4+ 61. Kg2 Kc6 62. Rxh5 Kb6 63. Rh6+ Ka5 64. Rh8 Rb6 65. Ra8+ Ra6 66. Re8 a3 67. Re1 a2 68. Kh3 Kb4 69.
Ra1 Kc3 70. Kg4 Ra4 71. h5 Kb2 72. Re1 a1=Q 73. Rxa1 Kxa1 74. h6 Kb2 75. h7 Ra8 76. Kxf4 Rh8 77. Kg5 Rxh7 78. Kg6 Rh3 79. f4 Kc3 80. f5 Kd4 81. f6 Rg3+ 82. Kh7 Ke5 83. f7 Rf3 84. Kg8 Rg3+ 85. Kh8 Rf3 86. Kg8 Rg3+ 87. Kh8 Rf3 88. Kg8 1/2-1/2

[Event "*** SCC Grand Prix: Titled Tuesday Blitz"]
[Site "Chess.com"]
[Date "2020.10.06"]
[Round "1"]
[White "Sankalp_Gupta2003"]
[Black "aloe_normansen"]
[Result "1-0"]
[WhiteElo "2711"]
[BlackElo "2371"]
[TimeControl "180+1"]
[EndTime "10:09:35 PDT"]
[Termination "Sankalp_Gupta2003 won by resignation"]

1. e4 c5 2. Nf3 d6 3. d4 cxd4 4. Nxd4 Nf6 5. Nc3 a6 6. Bg5 e6 7. f4 Nbd7 8. Qe2 Qc7 9. O-O-O b5 10. a3 Rb8 11. f5 Ne5 12. Bxf6 gxf6 13. Qh5 Qc5 14.
Be2 b4 15. axb4 Qxb4 16. Nb3 a5 17. Rd4 Qb6 18. Rhd1 Bd7 19. fxe6 Bxe6 20. Bb5+ Kd8 21. h3 Be7 22. Kb1 Rg8 23. Qe2 Rg3 24. Ba4 Rxc3 25. bxc3 Qc5 26. Qa6 Qxc3 27. Rxd6+ Bxd6 28. Qxd6+ Kc8 29. Qe7 Qc7 30. Qxf6 Bxb3 31. cxb3 Kb7 32.
Qd6 Qc3 33. Qd5+ Ka7 34. Rc1 Qd3+ 35. Qxd3 Nxd3 36. Rc3 Nb4 37. Kb2 Kb6 38. Rf3 Rb7 39.
Rf6+ Ka7 40. Kc3 Re7 41. Kd4 Nc2+ 42. Kd3 Nb4+ 43. Kd4 Nc2+ 44. Kc3 Nb4 45. Bb5 Rxe4 46. Rxf7+ Kb6 47. Bc4 Re3+ 48. Kd4 Nc2+ 49. Kd5 Nb4+ 50. Kd6 Rg3 51. Rf2 Rg6+ 52. Ke7 Kc5 53. Kf7 Kd4 54. g4 Kc3 55. Rf3+ Kd4 56. Bb5 Kc5 57. Ba4 Nd5 58. Rf5 Kd4 59. Rh5 Nf6 60. Rh4 Ne4 61.
Rxh7 Rb6 62. Ke7 Ng5 63. Rg7 Rb7+ 64. Kf6 Ne4+ 65. Kg6 Rb6+ 66. Kh7 Nf6+ 67. Kh6 Ne8+ 68. Rg6 Rb8 69. Bxe8 Rxe8 70. g5 Kc3 71. Kg7 Kxb3 72.
h4 Re4 73. h5 a4 74. Ra6 a3 75.
Rxa3+ Kxa3 76. g6 Re6 77. h6 Kb4 78. h7 Re8 79. h8=Q Rxh8 80. Kxh8 Kc5 81. g7 Kd6 82.
g8=Q Ke7 83. Qg7+ Ke6 84. Kh7 Kd6 85. Qd4+ 1-0

[Event "*** SCC Grand Prix: Titled Tuesday Blitz"]
[Site "Chess.com"]
[Date "2020.10.06"]
[Round "1"]
[White "ORS1984"]
[Black "denispopov"]
[Result "1-0"]
[WhiteElo "2486"]
[BlackElo "1959"]
[TimeControl "180+1"]
[EndTime "10:09:48 PDT"]
[Termination "ORS1984 won by checkmate"]

1. e4 c5 2. Nf3 Nc6 3. d4 cxd4 4. Nxd4 e5 5. Nb5 a6 6. Nd6+ Bxd6 7. Qxd6 Qf6 8. Qa3 Nd4 9. Bd3 Qg6 10. O-O d5 11.
exd5 Nf3+ 12. Kh1 Qh5 13. Bb5+ axb5 14. Qxf3 Qxf3 15. gxf3 Nf6 16. Re1 O-O 17. Rxe5 Rd8 18. Bg5 Rxd5 19. Rxd5 Nxd5 20. Na3 b4 21. Nc4 Be6 22.
Kg2 f6 23. Bd2 Nf4+ 24. Bxf4 Bxc4 25. b3 Bb5 26. Bd2 Rc8 27. Rc1 Ra8 28. Bxb4 Rxa2 29. Kg3 Bc6 30. h4 Kf7 31. Bc5 h5 32. Be3 Ke6 33.
Kf4 Ra5 34. Kg3 Rf5 35. f4 Rd5 36. f3 Kf5 37. Kf2 Rd7 38. Ke2 Re7 39. c4 Rd7 40. b4 b5 41. Kf2 bxc4 42. Rxc4 Bd5 43. Rc5 Ke6 44. b5 g6 45. b6 Bb7 46. Rc1 Rd5 47. Re1 Rd7 48. Rg1 Kf7 49. Ra1 Ke6 50. Ra7 Kf7 51. Kg3 Ke6 52. Ra3 Kf5 53. Ra1 Ke6 54. Re1 Kf5 55. Rc1 Ke6 56. Rc5 Rd5 57. Rc7 Rd7 58. Rc3 Rd5 59. Rc1 Rd6 60. Rg1 Rd7 61. Kf2 Kf5 62. Rc1 Ke6 63. Rc5 Ke7 64.
f5 gxf5 65. Rxf5 Kf7 66. Rxh5 Kg6 67. Rc5 Kf7 68. h5 Ke6 69. h6 Rh7 70. Rh5 Kf7 71.
Rc5 Kg6 72. Rc7 Bd5 73. Rxh7 Kxh7 74. Kg3 Bb7 75. Kf4 Kg6 76. Kg3 Kh7 77. Kf2 Kg6 78. Ke1 Bxf3 79. Kd2 Bb7 80. Kc3 f5 81. Bf4 Kh7 82.
Kd4 Kg6 83. Ke5 Be4 84. Kd6 Kh7 85. Kc7 Kg6 86. b7 Bxb7 87. Kb6 Be4 88. Kc5 Kh7 89. Kd4 Kg6 90. Ke5 Kh7 91. Kf6 Kh8 92. Kg6 Kg8 93. h7+ Kf8 94. h8=Q+ Ke7 95. Qe5+ Kd7 96. Qd6+ Kc8 97.
Qc7# 1-0

[Event "*** SCC Grand Prix: Titled Tuesday Blitz"]
[Site "Chess.com"]
[Date "2020.10.06"]
[Round "1"]
[White "HanSchut"]
[Black "OhanyanEminChess"]
[Result "0-1"]
[WhiteElo "2252"]
[BlackElo "2565"]
[TimeControl "180+1"]
[EndTime "10:09:50 PDT"]
[Termination "OhanyanEminChess won by resignation"]

1. e4 e5 2. Nf3 Nc6 3. Bc4 Nf6 4. d4 exd4 5. e5 d5 6. Bb5 Ne4 7. Nxd4 Bc5 8. Be3 O-O 9. Nxc6 bxc6 10. Bxc5 Nxc5 11.
Bxc6 Rb8 12. Qxd5 Qe7 13. O-O Rxb2 14. Nc3 Rxc2 15. Qd4 Rd8 16. Nd5 Qf8 17. Rfc1 Rxc1+ 18. Rxc1 Ne6 19. Qxa7 Bd7 20. Bxd7 Rxd7 21. Ne3 Rd8 22. g3 Ra8 23. Qb7 Rxa2 24. Nd5 Re2 25. Nxc7 Rxe5 26. Nxe6 Rxe6 27. Rc8 Re8 28. Rxe8 Qxe8 29. Qf3 Qe1+ 30. Kg2 Qe8 31. Qf4 Qa8+ 32. Qf3 Qf8 33. Qf4 h6 34. Qf3 Qd6 35. Qe4 g6 36. h4 h5 37.
Qf3 Qe5 38. Qa8+ Kg7 39. Qf3 Qd4 40. Qc6 Qb2 41. Qf3 Qb4 42. Qd5 Qc3 43. Qf3 Qa1 44. Qe4 Kh7 45. Qf3 Qa7 46. Qe4 Qb8 47. Qf3 Qf8 48. Qe4 Kg8 49. Qf3 Qe8 50. Qd5 Qe7 51. Qf3 Qe5 52. Qa8+ Kg7 53. Qf3 Qb2 54. Qe4 Qa1 55.
Qf3 Qa4 56. Qd5 Qg4 57. Qf3 Qe6 58. Qb7 Qf6 59. Qf3 Qe5 60. Qb7 g5 61. hxg5 Qxg5 62. Qf3 h4 63. Qc3+ Kh7 64. Qd4 hxg3 65. fxg3 Qg6 66.
Qh4+ Kg7 67. Qf4 Qc2+ 68. Kf3 Qd1+ 69. Kg2 Qe2+ 70. Qf2 Qe4+ 71. Qf3 Qc2+ 72. Qf2 Qc8 73. Qf3 f6 74. Qf2 Qc6+ 75. Qf3 Qd6 76. Qf2 Kg6 77. Qf3 Kg5 78. Kh3 Qd7+ 79. Kg2 f5 80. Qf4+ Kh5 81. Qf3+ Kg6 82. Qf4 Qd5+ 83. Qf3 Qa2+ 84.
Qf2 Qe6 85. Qf3 Qe5 86. g4 f4 87. Kh3 Kg5 88. Kg2 Qb2+ 89. Kh3 Qh8+ 90. Kg2 Qe5 91.
Kh3 Qe6 92. Qd1 Qe3+ 93. Kg2 Qg3+ 94. Kf1 Kh4 95. Qd8+ Kxg4 96. Qg8+ Kf3 97. Qxg3+ fxg3 98. Kg1 g2 0-1

[Event "*** SCC Grand Prix: Titled Tuesday Blitz"]
[Site "Chess.com"]
[Date "2020.10.06"]
[Round "1"]
[White "Fandorine"]
[Black "JoliyRoger"]
[Result "1/2-1/2"]
[WhiteElo "2878"]
[BlackElo "2458"]
[TimeControl "180+1"]
[EndTime "10:09:58 PDT"]
[Termination "Game drawn by repetition"]

1. e4 c6 2. Nf3 d5 3. d3 Bg4 4. h3 Bxf3 5. Qxf3 e6 6. g3 Nf6 7.
Bg2 Bd6 8. Nd2 Nbd7 9. Qe2 O-O 10.
O-O Qc7 11. c3 Rad8 12. d4 dxe4 13. Nxe4 Nxe4 14. Qxe4 e5 15. dxe5 Bxe5 16. Qc2 Rfe8 17. Rd1 Nf6 18. Rxd8 Qxd8 19. Bd2 h6 20. Re1 Qc7 21.
Bc1 Qb6 22. Qb3 Qc7 23. Qd1 Rd8 24. Qc2 Re8 25. Be3 a6 26. Kf1 Bd6 27. Qf5 Qc8 28.
Qxc8 Rxc8 29. Rd1 Bc7 30. Bf3 Rd8 31. Rxd8+ Bxd8 32. Ke2 Kf8 33. Kd3 Be7 34. a4 Bd6 35. b4 Nd7 36. Bg2 Ke7 37. f4 Nf6 38. g4 Nd7 39. Bd2 Nf6 40. a5 Nd7 41. c4 Nf6 42.
b5 Kd7 43. Be3 Ne8 44. Bd2 Nc7 45. bxc6+ bxc6 46. f5 f6 47. Kd4 Be5+ 48. Kd3 Bd6 49. Bc3 Bc5 50. Bf3 Ne8 51. Bd2 Nd6 52. Be1 Nb7 53.
h4 Bd6 54. Bd2 Bc7 55. g5 hxg5 56. hxg5 Bxa5 57. Be3 fxg5 58. Bxg5 Bd8 59. Be3 Be7 60. Bd4 Bf6 61. Bb6 Be7 62. Kc2 Bc5 63.
Bxc5 Nxc5 64. Kc3 Kd6 65. Kd4 a5 66. Bd1 a4 67. Kc3 Ke5 68. Bc2 Ne4+ 69. Kb4 Kxf5 70.
Kxa4 Ke5 71. Ka5 c5 72. Kb6 g5 73. Bd1 Kd4 74. Be2 Ng3 75. Bd1 Kxc4 76. Kc6 Kd4 77. Kd6 c4 78. Ke6 Ne4 79. Kf5 Kd3 80. Ba4 c3 81. Bb5+ Ke3 82. Ba4 Kf3 83. Bc2 Nf2 84.
Kxg5 Ke3 85. Kf5 Kd2 86. Bb1 Nd3 87. Ke4 Nc1 88. Kd4 Nb3+ 89. Kc4 Nc1 90. Kb4 Nd3+ 91.
Kb3 Nf2 92. Bc2 Ng4 93. Bh7 Ne3 94. Bb1 Nd5 95. Be4 Ne3 96. Bb1 Ng4 97. Bf5 Nf2 98. Bb1 Nd1 99. Bc2 Ne3 100. Bb1 1/2-1/2

[Event "*** SCC Grand Prix: Titled Tuesday Blitz"]
[Site "Chess.com"]
[Date "2020.10.06"]
[Round "1"]
[White "Reader777"]
[Black "barbara25"]
[Result "1-0"]
[WhiteElo "2653"]
[BlackElo "2328"]
[TimeControl "180+1"]
[EndTime "10:10:04 PDT"]
[Termination "Reader777 won by resignation"]

1. d4 Nf6 2. c4 e6 3. g3 d5 4. Bg2 c6 5. Nf3 Be7 6. O-O O-O 7. Nc3 Nbd7 8. Qd3 b6 9. e4 Bb7 10.
e5 Ne8 11. b3 Rc8 12. Rd1 g6 13. h4 Ng7 14. Bg5 Bxg5 15. hxg5 Qe7 16. Ne2 Rfd8 17. Rac1 c5 18. cxd5 Bxd5 19. Nf4 Bb7 20. d5 exd5 21. Nxd5 Bxd5 22. Qxd5 Nf8 23. Qc4 Nfe6 24. Bh3 Rxd1+ 25. Rxd1 Rd8 26. Rxd8+ Qxd8 27. Qa6 Qd7 28. Kg2 Qc7 29. Qb5 Qb7 30. Qd3 Nd4 31. Bg4 Nge6 32. Kg1 Nxf3+ 33. Bxf3 Qc7 34. Qe3 Qd8 35. Be2 Qxg5 36. f4 Qf5 37. Bd3 Qg4 38. Be2 Qh3 39. Bf1 Qh6 40. Qe4 Qf8 41. Qb7 Qd8 42. Bc4 Qd4+ 43. Kg2 Qd2+ 44.
Kh3 Qd1 45. Bxe6 fxe6 46. Qb8+ Kg7 47. Qxa7+ Kh6 48. Qa8 Kh5 49. Qg2 Qg4+ 50. Kh2 Kh6 51. Qd2 Kh5 52. Kg2 Qf5 53. Qe2+ Kh6 54. Qf3 Qc2+ 55. Kh3 Qc1 56. g4 Kg7 57. Qb7+ Kg8 58. Qc8+ Kg7 59. Qd7+ Kf8 60. Qd6+ Kf7 61. Qd7+ Kf8 62.
Qd8+ Kf7 63. Qf6+ Kg8 64. Qxe6+ Kg7 65. Qf6+ Kg8 66. Qd8+ Kg7 67. Qd7+ Kg8 68. Qd5+ Kg7 69. Qf3 Qe1 70. Kg2 Qd2+ 71. Qf2 Qd5+ 72. Kg3 Qe4 73. Qd2 Qh1 74. f5 Qg1+ 75. Kf3 Qf1+ 76. Qf2 Qd3+ 77. Kg2 Qd5+ 78. Qf3 Qxe5 79. fxg6 hxg6 80. Qb7+ Kh6 81. Qxb6 Qe4+ 82. Kf2 Qf4+ 83. Ke1 Qe3+ 84. Kd1 Qd3+ 85. Kc1 Qc3+ 86. Kb1 Kg5 87. Qe6 Qd3+ 88. Kb2 Qd4+ 89. Kc2 Qf2+ 90. Kd3 Qd4+ 91. Ke2 Qxg4+ 92. Qxg4+ Kxg4 93. a4 Kf5 94. a5 Ke6 95. a6 Kd7 96. a7 Kc7 97. a8=Q 1-0

[Event "*** SCC Grand Prix: Titled Tuesday Blitz"]
[Site "Chess.com"]
[Date "2020.10.06"]
[Round "1"]
[White "AniJak"]
[Black "BeanScreen"]
[Result "1/2-1/2"]
[WhiteElo "2367"]
[BlackElo "2675"]
[TimeControl "180+1"]
[EndTime "10:10:12 PDT"]
[Termination "Game drawn by 50-move rule"]

1. e4 e5 2. Nc3 Nc6 3. g3 Nf6 4.
Bg2 Bc5 5. d3 O-O 6. Nge2 d6 7.
Na4 Bd4 8. c3 Bxf2+ 9. Kxf2 Ng4+ 10. Ke1 b5 11. h3 Nf6 12. Be3 Bd7 13. Nc5 dxc5 14. Bxc5 Re8 15. Rf1 Rb8 16. Kf2 Qc8 17. g4 h5 18. g5 Nh7 19. h4 Nf8 20. Bxf8 Rxf8 21. Kg1 Bh3 22. Ng3 Bg4 23. Bf3 Bxf3 24. Qxf3 Qh3 25. Nf5 Qxf3 26. Rxf3 b4 27. d4 bxc3 28.
bxc3 Rfe8 29. d5 Ne7 30. Nxe7+ Rxe7 31. Raf1 Rc8 32. c4 Rb8 33. Rb3 Rxb3 34. axb3 Kf8 35.
Ra1 c5 36. dxc6 Rc7 37. Ra6 Ke7 38.
b4 f6 39. gxf6+ Kxf6 40. b5 g5 41. hxg5+ Kxg5 42. c5 Kf4 43. Kh2 Kxe4 44. Rxa7 Rxa7 45. b6 Ra2+ 46. Kh3 Rc2 47. b7 Rxc5 48. b8=Q Rxc6 49.
Qb7 Kd5 50. Kh4 Kc5 51. Kxh5 e4 52. Kg4 Re6 53. Qd7 Re5 54. Kf4 Rd5 55. Qa7+ Kd6 56.
Kxe4 Re5+ 57. Kd4 Rd5+ 58. Kc4 Rf5 59. Qb8+ Ke6 60. Qg8+ Ke5 61. Qe8+ Kf4 62. Kd4 Rg5 63.
Qe3+ Kf5 64. Qe4+ Kf6 65. Qc6+ Kf5 66. Qd7+ Kf4 67. Qf7+ Rf5 68. Qg7 Rg5 69. Qc7+ Kg4 70. Ke3 Rf5 71. Qd7 Kg5 72. Qe7+ Kg6 73. Ke4 Rf6 74. Ke5 Rf5+ 75. Ke4 Rf6 76. Qe8+ Kg5 77. Qg8+ Rg6 78. Qd8+ Kg4 79. Qd1+ Kg5 80. Qd5+ Kf6 81. Qf5+ Kg7 82. Qd7+ Kf6 83. Kf4 Rh6 84. Qd6+ Kg7 85.
Qe7+ Kg6 86. Qg5+ Kh7 87. Kf5 Ra6 88. Qe7+ Kh6 89. Qe3+ Kh7 90. Qe7+ Kh6 91. Qf8+ Kh7 92. Qf7+ Kh8 93. Qe8+ Kh7 94. Qd7+ Kh6 95. Qd2+ Kh7 96. Qh2+ Kg7 97. Qg1+ Kh7 98. Qh1+ Rh6 99. Qb7+ Kh8 100.
Kg5 Rh7 101. Qc8+ Kg7 102. Qd7+ Kg8 103. Qe8+ Kg7 104. Qe7+ Kg8 105. Qe6+ Kg7 106. Qf6+ 1/2-1/2

[Event "*** SCC Grand Prix: Titled Tuesday Blitz"]
[Site "Chess.com"]
[Date "2020.10.06"]
[Round "2"]
[White "Caterpiller35"]
[Black "Atakishiyev04"]
[Result "0-1"]
[WhiteElo "2500"]
[BlackElo "2747"]
[TimeControl "180+1"]
[EndTime "10:12:17 PDT"]
[Termination "Atakishiyev04 won by resignation"]

1. d4 d5 2. Bf4 Nf6 3. e3 g6 4. Nc3 Bg7 5. h4 O-O 6. h5 c5 7. hxg6 hxg6 8. dxc5 Nc6 9. Nf3 Bg4 10. Be2 Re8 11. Ne5 Bxe2 12. Qxe2 Qa5 13. O-O-O Qxc5 14. Qf3 Rac8 15. Qh3 e6 16. Qh7+ Nxh7 0-1

[Event "*** SCC Grand Prix: Titled Tuesday Blitz"]
[Site "Chess.com"]
[Date "2020.10.06"]
[Round "2"]
[White "tk22h"]
[Black "Skatchkov_V"]
[Result "0-1"]
[WhiteElo "2332"]
[BlackElo "2592"]
[TimeControl "180+1"]
[EndTime "10:12:24 PDT"]
[Termination "Skatchkov_V won by resignation"]

1. c4 e5 2. Nc3 Nf6 3. Nf3 Nc6 4. g3 d5 5. cxd5 Nxd5 6. Bg2 Nb6 7. O-O Be6 8. d4 exd4 9. Nb5 d3 10. Qxd3 Qxd3 11.
exd3 O-O-O 12. Bf4 Nd5 13. Bg5 Be7 14. Rfc1 a6 15.
Nbd4 Nxd4 0-1

[Event "*** SCC Grand Prix: Titled Tuesday Blitz"]
[Site "Chess.com"]
[Date "2020.10.06"]
[Round "2"]
[White "KyrgyzFighter"]
[Black "tmr88"]
[Result "1-0"]
[WhiteElo "2389"]
[BlackElo "2078"]
[TimeControl "180+1"]
[EndTime "10:12:35 PDT"]
[Termination "KyrgyzFighter won by resignation"]

1. c4 e5 2. Nc3 Nf6 3. Nf3 g6 4.
Nxe5 Bg7 5. d4 O-O 6. g3 d6 7. Nf3 Nc6 8. Bg2 Bg4 9. O-O Qd7 10.
d5 Ne7 11. Nd4 Bh3 12. Bg5 Bxg2 13. Kxg2 Qg4 14. Bxf6 Bxf6 15. e4 Bxd4 16. Qxg4 Nf5 17. exf5 1-0

[Event "*** SCC Grand Prix: Titled Tuesday Blitz"]
[Site "Chess.com"]
[Date "2020.10.06"]
[Round "2"]
[White "aloe_normansen"]
[Black "KikaLaurincova"]
[Result "1-0"]
[WhiteElo "2372"]
[BlackElo "1935"]
[TimeControl "180+1"]
[EndTime "10:12:35 PDT"]
[Termination "aloe_normansen won by checkmate"]

1. e4 c5 2. Nf3 d6 3. d4 cxd4 4. Nxd4 Nf6 5. Nc3 a6 6. Bg5 e6 7. f4 Be7 8. Qf3 h6 9. Bh4 Qc7 10. O-O-O Nbd7 11. Bd3 g5 12. e5 dxe5 13. Nxe6 fxe6 14.
Bg6+ Kd8 15. fxg5 hxg5 16. Bxg5 Ng8 17. Qf8# 1-0

[Event "*** SCC Grand Prix: Titled Tuesday Blitz"]
[Site "Chess.com"]
[Date "2020.10.06"]
[Round "2"]
[White "MidnightFox"]
[Black "LiamVrolijk"]
[Result "0-1"]
[WhiteElo "2360"]
[BlackElo "2816"]
[TimeControl "180+1"]
[EndTime "10:12:37 PDT"]
[Termination "LiamVrolijk won by resignation"]

1. e4 Nf6 2. e5 Nd5 3. d4 d6 4. Nf3 g6 5. Bc4 Nb6 6. Bb3 Bg7 7. Qe2 Nc6 8. h3 dxe5 9. dxe5 Nd4 10. Nxd4 Qxd4 11. f4 O-O 12. Nc3 Be6 13. Bd2 Bxb3 14. axb3 a5 15. Qe3 Qd7 16. O-O Rfd8 17. Rad1 a4 18.
bxa4 Nc4 0-1